 Dungeon Crawl Stone Soup version 0.30-a0-457-g4b7bca3bfa (webtiles) character file.

Game seed: 3826221006066440844

78622 Pooter the Severer (level 15, -15/138 HPs)
             Began as a Minotaur Berserker on Dec 12, 2022.
             Was an Elder of Trog.
             Demolished by a skeletal warrior
             ... wielding a +0 glaive
              (23 damage)
             ... on level 15 of the Dungeon on Dec 13, 2022.
             The game lasted 02:16:37 (26270 turns).

Pooter the Severer (Minotaur Berserker)            Turns: 26270, Time: 02:16:37

Health: -15/138    AC: 19    Str: 31      XL:     15   Next: 18%
Magic:  14/14      EV:  9    Int:  5      God:    Trog [****..]
Gold:   2157       SH:  0    Dex: 16 (17) Spells: 14/14 levels left

rFire   . . .      SeeInvis .    a - +1 battleaxe (drain)
rCold   . . .      Faith    .    (shield currently unavailable)
rNeg    + + .      Spirit   .    P - +1 plate armour of the Blind Marksman {rN++ Dex+2}
rPois   +          Reflect  .    (helmet restricted)
rElec   .          Harm     .    (no cloak)
rCorr   .          Rampage  .    j - +0 pair of gloves
Will    +++..                    c - +0 pair of boots
Stlth   ..........               y - amulet of the acrobat
HPRegen 1.43/turn                K - +4 ring of slaying
MPRegen 0.14/turn                H - ring "Xesopaen" {rPois Dex+6}

@: about to teleport, strong-willed, on berserk cooldown, regenerating, slowed,
very slow
A: horns 2, retaliatory headbutt, iridescent scales 1, deterioration 1, strong
1, wild magic 1
a: Renounce Religion, Berserk, Trog's Hand, Brothers in Arms


You were on level 15 of the Dungeon.
You worshipped Trog.
Trog was greatly pleased with you.
You visited 3 branches of the dungeon, and saw 22 of its levels.
You also visited: Gauntlet.

You collected 2465 gold pieces.
You spent 308 gold pieces at shops.

Inventory:

Hand Weapons
 a - a +1 battleaxe of draining (weapon)
   (You found it on level 8 of the Dungeon)
 b - a +0 arbalest
   (You found it on level 6 of the Dungeon)
 g - a +2 battleaxe
   (You took it off a death knight on level 14 of the Dungeon)
 G - the +9 great sword of Butchery {venom, rN+}
   (You found it in a Gauntlet)

   It poisons the flesh of those it strikes.
   rN:        It protects you from negative energy.
Missiles
 k - 4 silver javelins
 n - 2 atropa-tipped darts
 s - 6 throwing nets {!f}
 u - 19 poisoned darts
 z - 7 javelins
 A - a boomerang of dispersal {!f}
 C - 20 boomerangs (quivered)
 Q - 8 stones
Armour
 c - a +0 pair of boots (worn)
   (You found it on level 2 of the Dungeon)
 j - a +0 pair of gloves (worn)
   (You found it on level 2 of the Dungeon)
 l - a +1 plate armour of fire resistance
   (You took it off an orc warrior on level 1 of the Orcish Mines)
 M - a +2 plate armour
   (You found it on level 4 of the Dungeon)
 P - the +1 plate armour of the Blind Marksman (worn) {rN++ Dex+2}
   (You found it in a Gauntlet)

   Dex:       It affects your dexterity (+2).
   rN:        It greatly protects you from negative energy.
Jewellery
 o - a +4 ring of evasion
   (You found it on level 3 of the Dungeon)
 y - an amulet of the acrobat (around neck)
   (You found it on level 10 of the Dungeon)
 F - a ring of protection from fire
   (You found it on level 9 of the Dungeon)
 H - the ring "Xesopaen" (right hand) {rPois Dex+6}
   (You took it off a kobold on level 5 of the Dungeon)

   [ring of poison resistance]

   Dex:       It affects your dexterity (+6).
   rPois:     It protects you from poison.
 I - a ring of ice
   (You found it on level 8 of the Dungeon)
 K - a +4 ring of slaying (left hand)
   (You took it off a wight on level 8 of the Dungeon)
 L - a ring of flight
   (You found it on level 13 of the Dungeon)
 W - a +4 ring of protection
   (You found it on level 4 of the Lair of Beasts)
Wands
 f - a wand of flame (29)
   (You found it on level 10 of the Dungeon)
 x - a wand of acid (6)
   (You found it on level 12 of the Dungeon)
 D - a wand of digging (6)
   (You found it on level 5 of the Lair of Beasts)
 E - a wand of polymorph (6)
   (You found it on level 13 of the Dungeon)
 J - a wand of charming (14)
   (You found it on level 8 of the Dungeon)
 R - a wand of roots (7)
   (You found it on level 1 of the Lair of Beasts)
Scrolls
 e - 5 scrolls of noise {!r}
 h - 4 scrolls of fear
 i - 3 scrolls of identify {@r1}
 q - 2 scrolls of butterflies
 t - 7 scrolls of teleportation {@r4}
 N - 4 scrolls of immolation {!r}
 Y - a scroll of poison {!r}
 Z - a scroll of magic mapping
Potions
 d - 2 potions of might
 m - 3 potions of flight
 p - a potion of invisibility
 r - a potion of resistance
 v - 6 potions of heal wounds {@q2}
 w - 2 potions of mutation {!q}
 B - a potion of haste {@q3}
 U - a potion of attraction {!q}
 V - 7 potions of curing {@q1}
 X - 2 potions of lignification {!q}
Miscellaneous
 O - a tin of tremorstones (2/2)
   (You found it in a Gauntlet)
 T - a phantom mirror
   (You found it on level 2 of the Lair of Beasts)


   Skills:
 + Level 14.2 Fighting
 * Level 19.3 Axes
 * Level 15.4 Ranged Weapons
 + Level 8.3 Armour
 - Level 2.1 Dodging
 - Level 5.2 Stealth
 + Level 8.4 Evocations


You had 14 spell levels left.
You didn't know any spells.
Your spell library was empty.

Dungeon Overview and Level Annotations

Branches:
Dungeon (15/15)            Temple (0/1) D:5            Lair (5/5) D:8
  Swamp (0/4) Lair:3        Snake (0/4) Lair:2        Slime (0/5) Lair:5
    Orc (2/2) D:9             Elf (0/3) Orc:2        Vaults (0/5) D:14
 Depths (0/4) D:15        Gauntlet (visited)

Altars:
Ashenzari
Elyvilon
Fedhas
Gozag
Hepliaklqana
Makhleb
Nemelex Xobeh
Okawaru
Ru
Sif Muna
Trog
Uskayaw
Yredelemnul
Zin
Jiyva

Shops:
D:13 :   D:14 *

Portals:
Hell: Lair:5

Annotations:
Orc:2 Azrael


Innate Abilities, Weirdness & Mutations

You have a pair of horns on your head.
You reflexively headbutt those who attack you in melee.
You are partially covered in iridescent scales. (AC +2)
Your body sometimes deteriorates upon taking damage.
Your muscles are strong. (Str +4, Int/Dex -1)
Your spells are a little harder to cast, but a little more powerful.


Message History

You barely miss the centaur warrior.
The tengu warrior shoots an arrow.
The arrow barely misses you.
You completely miss the centaur warrior.
The centaur warrior closely misses you.
The centaur warrior kicks you but does no damage.
You slice the centaur warrior!! You drain the centaur warrior!
You kill the centaur warrior!
Trog accepts your kill.
The tengu warrior shoots an arrow.
The arrow hits you!
* * * LOW HITPOINT WARNING * * *
You are no longer berserk.
You are exhausted.
You feel yourself slow down.
The tengu warrior shoots an arrow.
The arrow hits you.
* * * LOW HITPOINT WARNING * * *
Unknown command.
The tengu warrior drinks a potion.
The tengu warrior seems to grow stronger.
The tengu warrior unwields a +0 longbow.
The tengu warrior wields a +0 great sword.
The tengu warrior misses you.
The tengu warrior completely misses you. x2
Unknown command.
As you read the scroll of teleportation {@r4}, it crumbles to dust.
You feel strangely unstable.
The tengu warrior hits you with a +0 great sword!!
* * * LOW HITPOINT WARNING * * *
The tengu warrior pecks you but does no damage.
The tengu warrior claws you.
* * * LOW HITPOINT WARNING * * *
Your skin crawls.
You feel strong-willed.
The tengu warrior hits you with a +0 great sword!!
* * * LOW HITPOINT WARNING * * *
The tengu warrior pecks you but does no damage.
The tengu warrior claws you.
* * * LOW HITPOINT WARNING * * *
The tengu warrior hits you but does no damage.
The tengu warrior barely misses you. The tengu warrior claws you.
* * * LOW HITPOINT WARNING * * *
The skeletal warrior completely misses you.
You slice the tengu warrior!! You drain the tengu warrior!
Your headbutt misses the tengu warrior.
The tengu warrior hits you with a +0 great sword.
* * * LOW HITPOINT WARNING * * *
The tengu warrior pecks you but does no damage.
The tengu warrior claws you.
* * * LOW HITPOINT WARNING * * *
The skeletal warrior hits you from afar with a +0 glaive!!
You die...

#......... ..
#........Q ...
....... ....
.........
....#####.........
.....)..............
#......z............
##......Q..........#
#......@..........#
#................#
#...#...........#
#.. ##.........## #
##...)....#
##..###..# .....#
#..# #####.# #.(#
#.# #..#


You could see a skeletal warrior and a tengu warrior (strong, drained).

Vanquished Creatures
  An orc warlord (Orc:2)
  An ironbound preserver (D:14)
  A stone giant (D:13)
  A minotaur (Gauntlet)
  5 hydras
  A great orb of eyes (Gauntlet)
  6 centaur warriors
  2 catoblepae (D:14)
  A hell beast (Lair:5)
  5 boulder beetles
  3 death yaks
  A death knight (D:14)
  11 two-headed ogres
  A soul eater (Gauntlet)
  A fire crab (Lair:4)
  5 skeletal warriors
  A sea snake (shapeshifter) (D:14)
  A wizard (Lair:5)
  A necromancer (D:15)
  A phantasmal warrior (D:15)
  Pikel (D:8)
  3 ugly things
  2 deep elf pyromancers
  7 cyclopes
  2 orc sorcerers
  A stone giant zombie (D:15)
  A worldbinder (Gauntlet)
  A manticore (D:14)
  8 black mambas
  2 molten gargoyles (Lair:3)
  12 cane toads
  2 orange demons (Lair:5)
  4 gargoyles
  3 freezing wraiths (D:14)
  4 rime drakes (Lair:5)
  3 efreet
  A kobold demonologist (D:11)
  2 unseen horrors
  8 komodo dragons
  2 ice devils (Lair:5)
  A red devil (Lair:5)
  A hellwing (Lair:5)
  4 trolls
  Grinder (D:6)
  3 polar bears (Lair:2)
  19 blink frogs
  A hornet (D:8)
  A spriggan skeleton (D:15)
  2 shadows
  A spriggan (shapeshifter) (D:15)
  A vampire (D:11)
  3 wyverns
  6 basilisks
  2 wraiths
  43 yaks
  6 vampire mosquitoes
  5 steam dragons
  3 acid dragons (D:12)
  6 wargs
  5 hell hounds (Lair:5)
  11 water moccasins
  2 ice beasts
  A swamp drake (D:9)
  2 glowing shapeshifter skeletons (D:15)
  15 orc warriors
  A sky beast (D:6)
  3 boggarts (Gauntlet)
  3 black bears (D:6)
  10 ogres
  10 wolves
  4 lemures
  6 centaurs
  A kobold brigand (D:5)
  13 bullfrogs
  A scorpion (D:6)
  5 gnoll sergeants
  4 wights (D:8)
  13 killer bees
  5 howler monkeys
  9 electric eels
  5 lava snakes (Lair:3)
  9 hounds
  18 orc priests
  3 gnoll boudas
  4 iguanas
  Natasha (thrice) (D:4)
  28 orc wizards
  54 gnolls
  10 adders
  3 shadow imps (Gauntlet)
  A white imp (D:6)
  An ufetubus (D:5)
  2 worms
  A dart slug (D:1)
  77 orcs
  4 ball pythons
  5 endoplasms
  3 giant cockroaches
  7 goblins
  3 hobgoblins
  12 jackals
  8 kobolds
  2 quokkas
  2 bats
  A frilled lizard (D:2)
  4 rats
622 creatures vanquished.

Vanquished Creatures (collateral kills)
  A howler monkey (D:10)
1 creature vanquished.

Vanquished Creatures (others)
  A cyclops (D:10)
  A wight (D:8)
  23 fungi
  49 plants
  2 withered plants (D:15)
76 creatures vanquished.

Grand Total: 699 creatures vanquished

Notes
Turn   | Place    | Note
-------+----------+-------------------------------------------
     0 | D:1      | Pooter the Minotaur Berserker began the quest for the Orb.
     0 | D:1      | Reached XP level 1. HP: 19/19 MP: 0/0
   295 | D:1      | Reached skill level 4 in Axes
   295 | D:1      | Reached XP level 2. HP: 27/27 MP: 1/1
   980 | D:2      | Reached skill level 1 in Stealth
   980 | D:2      | Reached XP level 3. HP: 33/33 MP: 2/2
  1997 | D:3      | Found a blossoming altar of Fedhas.
  2024 | D:3      | Reached XP level 4. HP: 41/41 MP: 3/3
  2043 | D:3      | Found an iron altar of Okawaru.
  2084 | D:3      | Reached skill level 5 in Axes
  2527 | D:3      | Reached ** piety under Trog
  2680 | D:4      | Found a broken altar of Ashenzari.
  2703 | D:4      | Reached XP level 5. HP: 47/47 MP: 4/4
  2859 | D:4      | Reached skill level 5 in Fighting
  2859 | D:4      | Reached skill level 6 in Axes
  2867 | D:4      | Reached XP level 6. HP: 55/56 MP: 5/5
  2931 | D:4      | Noticed Natasha
  2940 | D:4      | Killed Natasha
  2947 | D:4      | Noticed Natasha
  3018 | D:4      | Killed Natasha
  3325 | D:4      | Noticed Natasha
  3338 | D:4      | Killed Natasha
  3339 | D:4      | Reached skill level 7 in Axes
  3409 | D:4      | Reached XP level 7. HP: 62/62 MP: 6/6
  3686 | D:4      | Reached skill level 8 in Axes
  3809 | D:4      | Reached *** piety under Trog
  3937 | D:5      | Entered Level 5 of the Dungeon
  3937 | D:5      | Found a staircase to the Ecumenical Temple.
  4036 | D:5      | Reached XP level 8. HP: 71/71 MP: 7/7
  4431 | D:5      | Identified the ring "Xesopaen" {rPois Dex+6}
  4444 | D:5      | Reached skill level 9 in Axes
  5193 | D:6      | Reached skill level 10 in Axes
  5327 | D:6      | Reached skill level 5 in Stealth
  5484 | D:6      | Reached XP level 9. HP: 81/81 MP: 8/8
  5580 | D:6      | Noticed Grinder
  5582 | D:6      | Paralysed by Grinder for 4 turns
  5596 | D:6      | Killed Grinder
  5597 | D:6      | Reached skill level 1 in Ranged Weapons
  5874 | D:7      | Reached skill level 11 in Axes
  6407 | D:7      | Found a hazy altar of Hepliaklqana.
  6407 | D:7      | Found an opulent altar of Gozag.
  6417 | D:7      | Found a basalt altar of Yredelemnul.
  6419 | D:7      | Found a white marble altar of Elyvilon.
  6421 | D:7      | Found a burning altar of Makhleb.
  6479 | D:8      | Noticed Pikel
  6566 | D:8      | Killed Pikel
  6567 | D:8      | Reached skill level 12 in Axes
  6567 | D:8      | Reached skill level 5 in Ranged Weapons
  6813 | D:8      | Reached XP level 10. HP: 68/91 MP: 9/9
  7254 | D:8      | Found a staircase to the Lair.
  7334 | D:8      | Found a sparkling altar of Nemelex Xobeh.
  7528 | D:8      | You fall into a shaft and drop 3 floors!
  7546 | D:11     | Noticed a cyclops
  7555 | D:11     | Killed a cyclops
  7556 | D:11     | Reached skill level 1 in Evocations
  7557 | D:11     | Reached skill level 13 in Axes
  7563 | D:11     | Noticed a cyclops
  7578 | D:11     | HP: 4/93 [cyclops/large rock (33)]
  7580 | D:11     | Noticed a cyclops
  7589 | D:10     | Entered Level 10 of the Dungeon
  8244 | D:10     | Reached skill level 10 in Fighting
  8303 | D:10     | Found a sacrificial altar of Ru.
  9076 | D:9      | Gained mutation: You are partially covered in large bone
                  | plates. (SH +4) [potion of mutation]
  9076 | D:9      | Gained mutation: Your skin changes colour to match your
                  | surroundings (Stealth+). [potion of mutation]
  9076 | D:9      | Gained mutation: Your spells are a little harder to cast,
                  | but a little more powerful. [potion of mutation]
  9076 | D:9      | Gained mutation: You are mostly covered in large bone
                  | plates. (SH +6) [potion of mutation]
  9101 | D:9      | Found a shimmering blue altar of Sif Muna.
  9102 | D:9      | Found a hide-covered altar of Uskayaw.
  9102 | D:9      | Found a bloodstained altar of Trog.
  9156 | D:9      | Found a glowing silver altar of Zin.
  9218 | D:9      | Reached XP level 11. HP: 100/100 MP: 10/10
  9515 | D:9      | Found a staircase to the Orcish Mines.
  9607 | Orc:1    | Entered Level 1 of the Orcish Mines
 10008 | Orc:1    | Reached skill level 14 in Axes
 10032 | Orc:1    | Noticed an orc sorcerer
 10038 | Orc:1    | Killed an orc sorcerer
 10160 | Orc:1    | Found Kierri's Magic Scroll Shop.
 10163 | Orc:1    | Bought a scroll of butterflies for 56 gold pieces
 10163 | Orc:1    | Bought a scroll of identify for 28 gold pieces
 10163 | Orc:1    | Bought a scroll of immolation for 56 gold pieces
 10282 | Orc:2    | Entered Level 2 of the Orcish Mines
 10303 | Orc:2    | Noticed an orc sorcerer
 10307 | Orc:2    | Killed an orc sorcerer
 10586 | Orc:2    | Found a staircase to the Elven Halls.
 10716 | Orc:2    | Noticed an orc warlord
 10741 | Orc:2    | Killed an orc warlord
 10747 | Orc:2    | Noticed Azrael
 10778 | Orc:2    | Noticed an orc high priest
 10778 | Orc:2    | Noticed an orc sorcerer
 10780 | Orc:2    | Noticed a sixfirhy
 10914 | Orc:1    | Bought a scroll of teleportation for 42 gold pieces
 10914 | Orc:1    | Bought a scroll of teleportation for 42 gold pieces
 10914 | Orc:1    | Bought a scroll of teleportation for 42 gold pieces
 10914 | Orc:1    | Bought a scroll of teleportation for 42 gold pieces
 12147 | D:9      | Reached skill level 10 in Ranged Weapons
 12514 | D:10     | Reached skill level 15 in Axes
 12896 | Lair:1   | Entered Level 1 of the Lair of Beasts
 12946 | Lair:1   | Found a gate leading to a gauntlet.
 12972 | Gauntlet | Entered a Gauntlet
 12972 | Gauntlet | Found a transporter.
 12983 | Gauntlet | Found a transporter.
 12989 | Gauntlet | Noticed a soul eater
 13003 | Gauntlet | Noticed a death scarab
 13009 | Gauntlet | Found a transporter.
 13037 | Gauntlet | Killed a soul eater
 13038 | Gauntlet | Reached XP level 12. HP: 110/110 MP: 11/11
 13168 | Gauntlet | Found a transporter.
 13168 | Gauntlet | Found a transporter.
 13169 | Gauntlet | Found a transporter.
 13173 | Gauntlet | Noticed a great orb of eyes
 13174 | Gauntlet | Found a transporter.
 13184 | Gauntlet | Found a transporter.
 13226 | Gauntlet | Noticed a hell beast
 13234 | Gauntlet | Found a transporter.
 13237 | Gauntlet | Noticed a tengu warrior
 13287 | Gauntlet | Identified the +9 great sword of Butchery {venom, rN+}
 13291 | Gauntlet | Identified the +4 mace of the First Ghosts {pain, Will+
                  | Str+4 Dex+4}
 13315 | Gauntlet | Found a transporter.
 13322 | Gauntlet | Killed a great orb of eyes
 13360 | Gauntlet | Identified the +2 helmet "Nahowooj" {Will- Str+6 Int+2
                  | Dex-4}
 13366 | Gauntlet | Found a transporter.
 13375 | Gauntlet | Noticed a minotaur
 13385 | Gauntlet | HP: 3/165 [minotaur/+0 bardiche (19)]
 13386 | Gauntlet | Killed a minotaur
 13678 | Gauntlet | Identified the +1 plate armour of the Blind Marksman {rN++
                  | Dex+2}
 13694 | Gauntlet | Identified the +3 tower shield "Qalutrinn" {rC++ Str+2}
 13966 | Lair:1   | Reached skill level 5 in Evocations
 14532 | Lair:2   | Reached skill level 16 in Axes
 14544 | Lair:2   | Found a staircase to the Snake Pit.
 15668 | Lair:3   | Found a staircase to the Swamp.
 15969 | Lair:3   | Identified the +3 ring mail of the Arena {Rampage}
 16960 | Lair:4   | Reached XP level 13. HP: 119/119 MP: 12/12
 17824 | Lair:4   | Reached **** piety under Trog
 17836 | Lair:4   | Reached skill level 17 in Axes
 17975 | Lair:5   | Entered Level 5 of the Lair of Beasts
 17975 | Lair:5   | Found a viscous altar of Jiyva.
 17975 | Lair:5   | Found a staircase to the Slime Pits.
 18408 | Lair:5   | Reached skill level 5 in Armour
 19504 | Lair:5   | Reached XP level 14. HP: 74/129 MP: 13/13
 19748 | Lair:5   | Found a burning altar of Makhleb.
 19754 | Lair:5   | Found a gateway to Hell.
 20034 | Lair:5   | Identified the +1 ring mail "Uttares" {rC+ Regen+ MP+9}
 20055 | Lair:5   | Reached skill level 18 in Axes
 20858 | D:11     | Identified the +1 robe "Bemink" {rElec Dex+3}
 22651 | D:13     | Found Veilitul's Book Shoppe.
 23056 | D:13     | Noticed a stone giant
 23209 | D:13     | Killed a stone giant
 24882 | D:14     | Lost mutation: You are mostly covered in large bone plates.
                  | (SH +6) [potion of mutation]
 24882 | D:14     | Lost mutation: Your spells are a little harder to cast, but
                  | a little more powerful. [potion of mutation]
 24882 | D:14     | Lost mutation: You are partially covered in large bone
                  | plates. (SH +4) [potion of mutation]
 24882 | D:14     | Gained mutation: You are clumsy. (Dex -2) [potion of
                  | mutation]
 24882 | D:14     | Gained mutation: You are partially covered in iridescent
                  | scales. (AC +2) [potion of mutation]
 24882 | D:14     | Gained mutation: You are occasionally teleported next to
                  | monsters. [potion of mutation]
 24882 | D:14     | Gained mutation: You passively map a small area around you.
                  | [potion of mutation]
 24883 | D:14     | Lost mutation: Your skin changes colour to match your
                  | surroundings (Stealth+). [potion of mutation]
 24883 | D:14     | Lost mutation: You are clumsy. (Dex -2) [potion of
                  | mutation]
 24883 | D:14     | Lost mutation: You passively map a small area around you.
                  | [potion of mutation]
 24883 | D:14     | Gained mutation: Your flesh is cold resistant. (rC+)
                  | [potion of mutation]
 24884 | D:14     | Lost mutation: You are partially covered in iridescent
                  | scales. (AC +2) [potion of mutation]
 24884 | D:14     | Lost mutation: You are occasionally teleported next to
                  | monsters. [potion of mutation]
 24884 | D:14     | Gained mutation: Your body sometimes deteriorates upon
                  | taking damage. [potion of mutation]
 24884 | D:14     | Gained mutation: Your muscles are strong. (Str +4, Int/Dex
                  | -1) [potion of mutation]
 24884 | D:14     | Gained mutation: Your spells are a little harder to cast,
                  | but a little more powerful. [potion of mutation]
 24885 | D:14     | Lost mutation: Your flesh is cold resistant. (rC+) [potion
                  | of mutation]
 24885 | D:14     | Lost mutation: Your muscles are strong. (Str +4, Int/Dex
                  | -1) [potion of mutation]
 24885 | D:14     | Gained mutation: Your muscles are strong. (Str +4, Int/Dex
                  | -1) [potion of mutation]
 24885 | D:14     | Gained mutation: You are partially covered in iridescent
                  | scales. (AC +2) [potion of mutation]
 24970 | D:14     | Found a gate to the Vaults.
 24970 | D:14     | Noticed an ironbound preserver
 24973 | D:14     | Reached skill level 19 in Axes
 24973 | D:14     | Reached skill level 15 in Ranged Weapons
 24979 | D:14     | Killed an ironbound preserver
 25390 | D:14     | Reached XP level 15. HP: 43/138 MP: 14/14
 25623 | D:14     | Found Siyt's Elemental Accessories.
 25937 | D:15     | Entered Level 15 of the Dungeon
 26050 | D:15     | Found a staircase to the Depths.
 26270 | D:15     | Demolished by a skeletal warrior

Illustrated notes

Levels and vault maps discovered:
D:1:      kennysheep_arrival_seaside, layout_basic
D:2:      layout_loops_cross, serial_co_window_serial, co_window_corner_a,
          co_window_of_opportunity_a, co_window_paths_a, co_window_paths_a,
          co_window_corner_a, co_window_unsneaky_path_c,
          co_window_unsneaky_path_c, co_window_unsneaky_path_b,
          co_window_2corner, co_window_corner_b, co_window_paths_e,
          co_window_paths_d, glass_columns_c, glass_columns_a
D:3:      layout_loops_ring, fedhas_altar_3, nicolae_overflow_crystal_walls,
          kennysheep_generic_room_2
D:4:      lemuel_castle_with_subvaults [lemuel_castle_interior_carwin_1],
          layout_rooms, nicolae_ashenzari_skybound, uniq_natasha
D:5:      layout_gridville, temple_pool_b
D:6:      layout_loops_cross, uniq_grinder
D:7:      layout_rooms, chequers_temple_overflow_minitemple
D:8:      layout_basic, amcnicky_altar_gilded, erik_lair_orcish_takeover,
          uniq_pikel
D:9:      layout_cave_pools, chequers_temple_overflow_statue_of_worship,
          erik_orc_1, serial_gnoll_camp, gnoll_camp_mini_sergeant,
          gnoll_camp_mini_doghouse, gnoll_camp_mini_house,
          gnoll_camp_mini_house, gnoll_camp_medium_02
D:10:     layout_grid_maze, marbit_many_paths
D:11:     layout_basic, st_stairs_3, kennysheep_generic_room_4
D:12:     layout_rooms
D:13:     cheibrodos_monumental, layout_rooms, minmay_shop_grid_forest
D:14:     layout_irregular_city, skrybe_vaults_entry_preservation,
          infiniplex_staircase_diamond, nicolae_elemental_shop
D:15:     gammafunk_depths_entry_grave, layout_basic, hangedman_decor_points,
          serial_co_window_serial, co_window_paths_a, co_window_paths_a,
          co_window_of_opportunity_a, co_window_paths_a, co_window_corner_a,
          co_window_corner_a, co_window_unsneaky_path_a, co_window_2corner,
          co_window_corner_ca, co_window_broadway_b, co_window_unsneaky_path_a,
          co_window_paths_d, co_window_paths_e
Lair:1:   layout_roguey, gauntlet_entry_generic, lemuel_fruit_tree
Lair:2:   layout_roguey, minmay_snake_entry_six_corridors
Lair:3:   cheibrodos_magma_flow, layout_cave_pods, swamp_mist,
          grunt_megastairs_3
Lair:4:   layout_regular_city, serial_bayou_ford_a, serial_bayou_pond_a,
          serial_bayou_shore_a
Lair:5:   evil_forest, layout_regular_city, slime_entry_1, grunt_megastairs_4
Orc:1:    layout_caves, serial_shops, nicolae_shop_behind_doors
Orc:2:    grunt_orc_cross, layout_diamond_mine, basic_altar, mines1_david,
          uniq_azrael

Skill      XL: |  1  2  3  4  5  6  7  8  9 10 11 12 13 14 |
---------------+-------------------------------------------+-----
Axes           | 4 5 6 7 8 10 12 13 15 16 17 19 | 19.3
Fighting       | 4 5 6 8 9 10 11 12 13 14 | 14.2
Stealth        | 1 2 3 4 5 |  5.2
Ranged Weapons | 5 8 10 12 13 15 | 15.4
Evocations     | 2 4 6 7 8 |  8.4
Armour         | 3 5 8 |  8.3
Dodging        | |  2.1

Action                   |  1- 3 |  4- 6 |  7- 9 | 10-12 | 13-15 || total
-------------------------+-------+-------+-------+-------+-------++-------
Melee: Hand axe          |    48 |     7 |       |       |       ||    55
       Headbutt          |     8 |    19 |    32 |    76 |    81 ||   216
       Flail             |       |   102 |       |       |       ||   102
       Trident           |       |     1 |    70 |       |       ||    71
       War axe           |       |       |   128 |    35 |       ||   163
       Battleaxe         |       |       |       |   340 |   338 ||   678
 Fire: Arbalest          |       |       |    49 |   195 |   225 ||   469
Throw: Stone             |       |     3 |     8 |       |       ||    11
       Dart              |       |     5 |     7 |       |    15 ||    27
       Boomerang         |       |       |       |       |     5 ||     5
       Javelin           |       |       |       |       |     1 ||     1
Invok: Berserk           |     3 |     6 |    11 |    26 |    21 ||    67
       Trog's Hand       |       |     3 |     6 |    38 |    23 ||    70
Evoke: Wand              |       |       |       |     7 |    12 ||    19
  Use: Scroll            |     1 |     2 |    15 |    19 |     9 ||    46
       Potion            |       |       |       |     8 |     5 ||    13
Armor: Scale mail        |    18 |    35 |       |       |       ||    53
       Ring mail         |     1 |       |       |       |       ||     1
       Plate armour      |       |     7 |   114 |   261 |   200 ||   582
Dodge: Dodged            |    21 |    84 |   136 |   204 |   174 ||   619
Block: Buckler           |     2 |    11 |    17 |       |       ||    30
       Other             |       |       |       |    91 |    89 ||   180

Table legend: (Time is in decaauts)
 A = Elapsed time spent in this place.
 B = Non-inter-level travel time spent in this place.
 C = Inter-level travel time spent in this place.
 D = Time resting spent in this place.
 E = Time spent auto-exploring this place.
 F = Levels seen in this place.
 G = Mean time per level.
                   A        B        C        D        E       F      G
               +--------+--------+--------+--------+--------+-----+--------+
         Total |  27117 |  26252 |    865 |   8640 |  12396 |  23 | 1179.0 |
       Dungeon |  17772 |  17234 |    538 |   6028 |   7839 |  15 | 1184.8 |
          Lair |   7267 |   6959 |    308 |   1669 |   4201 |   5 | 1453.4 |
  Orcish Mines |   1351 |   1333 |     18 |    455 |    356 |   2 |  675.5 |
      Gauntlet |    725 |    725 |      0 |    487 |      0 |   1 |  725.0 |
               +--------+--------+--------+--------+--------+-----+--------+

Top non-repeatable levels by time:
  Lair:5: 2245 daAuts
    D:10: 2022 daAuts
     D:9: 1837 daAuts
    D:14: 1782 daAuts
  Lair:4: 1601 daAuts
  Lair:3: 1560 daAuts
     D:4: 1320 daAuts
     D:2: 1273 daAuts
    D:11: 1264 daAuts
    D:13: 1209 daAuts
     D:8: 1149 daAuts
    D:12: 1100 daAuts
     D:5: 1065 daAuts
  Lair:2: 1009 daAuts
     D:7: 996 daAuts
